 Dungeon Crawl Stone Soup version 0.28.0-45-g0d030f2227 (webtiles) character file.

Game seed: 2330161180847288594

4 Rizhan the Magician (level 1, -2/19 HPs)
             Began as a Palentonga Hedge Wizard on Apr 4, 2022.
             Slain by an endoplasm (3 damage)
             ... on level 1 of the Dungeon.
             The game lasted 00:03:39 (326 turns).

Rizhan the Magician (Palentonga Hedge Wizard)        Turns: 326, Time: 00:03:40

Health: -2/19      AC:  4    Str: 13    XL:     1   Next: 50%
Magic:  4/4        EV:  9    Int: 14    God:
Gold:   26         SH:  0    Dex:  9    Spells: 5/6 levels left

rFire   . . .      SeeInvis +   a - +0 dagger
rCold   . . .      Faith    .   (no shield)
rNeg    . . .      Spirit   .   b - +0 robe
rPois   .          Reflect  .   c - +0 hat
rElec   .          Harm     .   (no cloak)
rCorr   .          Rampage  .   (no gloves)
Will    .....                   (no barding)
Stlth   ..........              (no amulet)
HPRegen 0.06/turn               (no ring)
MPRegen 0.09/turn               (no ring)

@: mighty, berserking, very quick
A: large, rugged brown scales 3, see invisible, deformed body, roll 1, armoured
tail
a: Rolling Charge


You were on level 1 of the Dungeon.
You visited 1 branch of the dungeon, and saw 1 of its levels.

You collected 26 gold pieces.

Inventory:

Hand Weapons
 a - a +0 dagger (weapon)
Armour
 b - a +0 robe (worn)
 c - a +0 hat (worn)
Potions
 f - a potion of degeneration {unknown}
 g - a potion of mutation {unknown}


   Skills:
 + Level 1.5 Dodging
 + Level 1.2 Stealth
 + Level 3.1 Spellcasting
 + Level 0.8 Conjurations
 + Level 1.0 Summonings
 + Level 1.0 Translocations


You had 5 spell levels left.
You knew the following spells:

 Your Spells              Type           Power      Damage    Failure   Level
a - Magic Dart            Conj           16%        1d3       16%         1

Your spell library contained the following spells:

 Spells                   Type           Power      Damage    Failure   Level
 Slow                     Hex            8%         N/A       22%         1
 Blink                    Tloc           10%        N/A       22%         2
 Call Imp                 Summ           5%         N/A       22%         2
 Conjure Flame            Conj/Fire      3%         6-21      47%         3
 Mephitic Cloud           Conj/Pois/Air  3%         N/A       50%         3


Dungeon Overview and Level Annotations

Branches:
Dungeon (1/15)

Altars:


Innate Abilities, Weirdness & Mutations

You are completely covered in rugged brown scales. (AC +3, +7% HP)
You have supernaturally acute eyesight. (SInv)
Armour fits poorly on your strangely shaped body.
You can roll at nearby foes to attack.
You have a long armoured tail.


Message History

There are no items here.
You see here a +0 robe.
There is an open door here.
You open the door.
There is an open door here.
You open the door.
There is an open door here.
Found 14 gold pieces.
Found a faded altar of an unknown god.
Found a bronze wand and 23 sling bullets.
Found 5 gold pieces.
An endoplasm comes into view.
The endoplasm quivers.
The endoplasm jiggles.
You see here 5 gold pieces.
You now have 26 gold pieces (gained 5).
The endoplasm freezes you.
You are frozen.
You hit the endoplasm but do no damage.
Your tail-slap misses the endoplasm.
The endoplasm hits you but does no damage.
The endoplasm freezes you.
You are frozen.
* * * LOW HITPOINT WARNING * * *
The endoplasm hits you but does no damage.
A hobgoblin and a frilled lizard come into view.
It was a potion of might.
You feel very mighty all of a sudden. The endoplasm closely misses you.
It was a potion of berserk rage.
A red film seems to cover your vision as you go berserk!
You feel yourself moving faster!
You feel mighty!
The frilled lizard hisses angrily.
The endoplasm freezes you.
You are frozen.
* * * LOW HITPOINT WARNING * * *
You are too berserk!
Unknown command.
You are too berserk!
You feel a strong urge to attack something.
The endoplasm hits you.
You die...

#.....#### # #.........
.# ### #..###..###.##
###'#######........(...#
.......................#
.........#.............##
...>.....'...###.........
.....#####.......J$...##
.)....# #......@../..#
......# ###.###..###....
....#.######......... ...
.##.#........#........ ..
.............#..g.......
.##.#......._#....##....
....#.............. ...l
###.#.............. ...
............


You could see an endoplasm, a hobgoblin and a frilled lizard.

Vanquished Creatures
  A hobgoblin (D:1)
  A kobold (D:1)
  A quokka (D:1)
3 creatures vanquished.

Notes
Turn   | Place    | Note
-------+----------+-------------------------------------------
     0 | D:1      | Rizhan the Palentonga Hedge Wizard began the quest for the
                  | Orb.
     0 | D:1      | Reached XP level 1. HP: 13/13 MP: 4/4
   194 | D:1      | Reached skill level 1 in Summonings
   311 | D:1      | Found a faded altar of an unknown god.
   326 | D:1      | Slain by an endoplasm

Illustrated notes

Levels and vault maps discovered:
D:1:      dpeg_cavernosity, layout_basic, hellmonk_ecumenical_altar_lost_god,
          minmay_indecisive_spiral

Skill      XL: |  1 |
---------------+----+-----
Summonings     | 1 |  1.0
Dodging        | |  1.5
Stealth        | |  1.2
Spellcasting   | |  3.1
Conjurations   | |  0.8
Translocations | |  1.0

Action                   || total
-------------------------++-------
Melee: Dagger            ||    10
       Tailslap          ||     1
  Use: Potion            ||     2
       Scroll            ||     1
Armor: Robe              ||     4
Dodge: Dodged            ||     3
